[ AOE2 MATCH · #495945953 ]
UnrankedItalians vs Romans
Player's team · WIN
Rival team · LOSS
[ REPLAY ANALYSIS · EXTRACTED FROM THE RECORDED GAME ]
Feudal
9:15
Castle
23:32
Imperial
35:34
| APM avg | 32.4 |
| APM peak | 59 |
| eAPM avg | 18.0 |
| Villagers / military | 82 / 150 |
Focus
⚔️ 44.8% · 🌾 55.2%
Archer ×122 · Mangonel ×10 · Skirmisher ×10 · Monk ×3 · Trebuchet (Packed) ×3 · Battering Ram ×1
Feudal
8:50
Castle
20:15
Imperial
39:18
| APM avg | 94.8 |
| APM peak | 138 |
| eAPM avg | 25.2 |
| Villagers / military | 142 / 127 |
Focus
⚔️ 36.3% · 🌾 63.7%
Skirmisher ×90 · Knight ×14 · Scout Cavalry ×8 · Mangonel ×5 · Militia ×4 · Trebuchet (Packed) ×3
Match map
Initial resources + every placement click. Lines = walls · curves = elevation contours. ◆ gold · ⬟ stone · ● berries · ✦ relic · ◌ wall gap
Your base· ✓ Closed at 23:32 · 29t walls · 1 gate(s)
Black Lotus's base· Open — opponent sealed themselves in
Smoothed initial terrain · ◌ = detected wall gap · hover for details
Inputs per minute
— musialaseinjamal - - Black Lotus
Build order — musialaseinjamal
First 150 of 346 actions detected
| 0:02 | Create | Villager (Male) |
| 0:03 | Build | House |
| 0:05 | Build | House |
| 0:10 | Create | Villager (Male) |
| 0:11 | Create | Villager (Male) |
| 0:11 | Create | Villager (Male) |
| 1:29 | Create | Villager (Male) |
| 1:53 | Build | Lumber Camp |
| 2:03 | Create | Villager (Male) |
| 2:33 | Create | Villager (Male) |
| 2:33 | Create | Villager (Male) |
| 2:46 | Create | Villager (Male) |
| 3:24 | Create | Villager (Male) |
| 3:24 | Create | Villager (Male) |
| 3:28 | Build | House |
| 3:29 | Build | House |
| 3:51 | Create | Villager (Male) |
| 4:55 | Create | Villager (Male) |
| 4:55 | Create | Villager (Male) |
| 5:39 | Build | Mill |
| 5:43 | Create | Villager (Male) |
| 5:43 | Create | Villager (Male) |
| 6:32 | Create | Villager (Male) |
| 7:05 | Research | Feudal Age |
| 7:06 | Research | Loom |
| 7:35 | Build | Barracks |
| 8:12 | Research | Loom |
| 8:12 | Create | Villager (Male) |
| 8:12 | Create | Villager (Male) |
| 8:42 | Create | Villager (Male) |
| 8:47 | Build | House |
| 8:56 | Build | Mining Camp |
| 9:03 | Build | Palisade Wall |
| 9:04 | Build | Palisade Wall |
| 9:15 | Age | Feudal Age |
| 9:19 | Build | Archery Range |
| 9:22 | Create | Villager (Male) |
| 9:38 | Build | Palisade Wall |
| 9:39 | Build | Palisade Wall |
| 9:55 | Build | Palisade Wall |
| 10:05 | Build | Archery Range |
| 10:08 | Research | Double-Bit Axe |
| 10:09 | Create | Villager (Male) |
| 10:51 | Build | Palisade Wall |
| 10:54 | Build | Palisade Wall |
| 10:55 | Build | Palisade Wall |
| 10:59 | Build | Palisade Wall |
| 11:08 | Create | Archer |
| 11:17 | Build | Palisade Wall |
| 11:21 | Create | Villager (Male) |
| 11:24 | Build | Blacksmith |
| 11:45 | Build | Palisade Wall |
| 12:01 | Create | Villager (Male) |
| 12:11 | Research | Fletching |
| 12:12 | Create | Archer |
| 12:13 | Create | Villager (Male) |
| 12:15 | Build | House |
| 12:16 | Build | House |
| 12:17 | Build | Palisade Wall |
| 12:21 | Create | Skirmisher |
| 12:25 | Research | Padded Archer Armor |
| 12:47 | Create | Skirmisher |
| 13:17 | Create | Skirmisher |
| 13:17 | Create | Villager (Male) |
| 13:20 | Build | Archery Range |
| 13:21 | Build | House |
| 13:28 | Research | Horse Collar |
| 13:30 | Build | Farm |
| 13:41 | Create | Villager (Male) |
| 13:44 | Create | Skirmisher |
| 13:45 | Create | Villager (Male) |
| 14:02 | Build | Lumber Camp |
| 14:18 | Build | House |
| 14:24 | Create | Skirmisher |
| 14:24 | Create | Villager (Male) |
| 14:47 | Build | Farm |
| 14:57 | Create | Villager (Male) |
| 15:01 | Create | Skirmisher |
| 15:02 | Create | Skirmisher |
| 15:20 | Create | Skirmisher |
| 15:41 | Create | Villager (Male) |
| 15:42 | Create | Skirmisher |
| 15:42 | Create | Skirmisher |
| 15:43 | Create | Villager (Male) |
| 16:15 | Create | Villager (Male) |
| 16:18 | Build | Farm |
| 16:19 | Build | Farm |
| 16:20 | Build | Farm |
| 16:22 | Build | Farm |
| 16:22 | Build | Farm |
| 16:22 | Build | Farm |
| 16:27 | Build | Farm |
| 16:28 | Build | Farm |
| 16:32 | Build | Farm |
| 16:42 | Build | Farm |
| 16:43 | Create | Villager (Male) |
| 16:46 | Build | Farm |
| 16:50 | Build | House |
| 16:56 | Build | House |
| 17:02 | Build | House |
| 17:03 | Build | House |
| 17:07 | Build | Farm |
| 17:07 | Create | Villager (Male) |
| 17:20 | Create | Archer |
| 17:20 | Create | Archer |
| 17:20 | Create | Archer |
| 17:20 | Create | Archer |
| 17:21 | Create | Villager (Male) |
| 17:34 | Build | House |
| 17:36 | Build | House |
| 17:37 | Build | House |
| 17:41 | Build | Palisade Wall |
| 17:45 | Build | Palisade Gate |
| 17:51 | Create | Villager (Male) |
| 18:01 | Create | Archer |
| 18:01 | Create | Archer |
| 18:17 | Build | Farm |
| 18:18 | Build | Farm |
| 18:25 | Create | Villager (Male) |
| 18:54 | Create | Archer |
| 18:54 | Create | Archer |
| 18:55 | Create | Villager (Male) |
| 19:00 | Build | Market |
| 19:12 | Create | Archer |
| 19:12 | Create | Archer |
| 19:21 | Create | Villager (Male) |
| 19:35 | Create | Villager (Male) |
| 20:44 | Create | Villager (Male) |
| 20:52 | Research | Castle Age |
| 20:59 | Build | Archery Range |
| 21:00 | Create | Archer |
| 21:00 | Create | Archer |
| 21:00 | Create | Archer |
| 21:16 | Research | Gold Mining |
| 21:21 | Build | Mining Camp |
| 21:26 | Create | Archer |
| 21:26 | Create | Archer |
| 21:27 | Create | Archer |
| 21:27 | Create | Archer |
| 21:45 | Build | House |
| 21:47 | Build | House |
| 21:48 | Create | Archer |
| 21:48 | Create | Archer |
| 22:04 | Build | House |
| 22:12 | Create | Archer |
| 22:13 | Create | Archer |
| 22:39 | Create | Villager (Male) |
| 22:39 | Create | Archer |
| 22:40 | Create | Archer |
| 22:59 | Build | House |
Build order — Black Lotus
First 150 of 422 actions detected
| 0:00 | Create | Villager (Male) |
| 0:00 | Create | Villager (Male) |
| 0:00 | Create | Villager (Male) |
| 0:01 | Create | Villager (Male) |
| 0:01 | Create | Villager (Male) |
| 0:02 | Build | House |
| 0:03 | Build | House |
| 1:25 | Create | Villager (Male) |
| 1:25 | Create | Villager (Male) |
| 1:48 | Build | Lumber Camp |
| 1:50 | Create | Villager (Male) |
| 2:07 | Create | Villager (Male) |
| 2:39 | Create | Villager (Male) |
| 3:01 | Create | Villager (Male) |
| 3:27 | Create | Villager (Male) |
| 3:45 | Create | Villager (Male) |
| 3:55 | Build | House |
| 4:19 | Create | Villager (Male) |
| 4:41 | Create | Villager (Male) |
| 4:53 | Create | Villager (Male) |
| 4:56 | Build | Barracks |
| 5:09 | Create | Villager (Male) |
| 5:20 | Research | Loom |
| 5:33 | Build | House |
| 5:57 | Build | Palisade Wall |
| 5:58 | Build | Palisade Wall |
| 6:36 | Research | Feudal Age |
| 6:39 | Build | Mining Camp |
| 6:58 | Create | Militia |
| 6:58 | Create | Militia |
| 7:42 | Create | Militia |
| 8:27 | Create | Villager (Male) |
| 8:50 | Age | Feudal Age |
| 8:58 | Research | Man-at-Arms (upgrade) |
| 8:58 | Create | Villager (Male) |
| 9:02 | Build | Mill |
| 9:03 | Create | Villager (Male) |
| 9:05 | Build | Archery Range |
| 9:24 | Create | Spearman |
| 9:27 | Create | Villager (Male) |
| 9:29 | Build | House |
| 9:30 | Build | Palisade Wall |
| 9:58 | Create | Villager (Male) |
| 10:00 | Build | House |
| 10:08 | Research | Double-Bit Axe |
| 10:23 | Build | Palisade Wall |
| 10:29 | Create | Skirmisher |
| 10:31 | Create | Villager (Male) |
| 10:43 | Create | Villager (Male) |
| 10:44 | Create | Villager (Male) |
| 10:47 | Build | Farm |
| 10:49 | Build | Farm |
| 11:11 | Build | Farm |
| 11:20 | Create | Skirmisher |
| 11:20 | Create | Villager (Male) |
| 11:30 | Build | Farm |
| 11:35 | Build | Farm |
| 11:36 | Create | Villager (Male) |
| 11:37 | Build | Farm |
| 12:02 | Create | Skirmisher |
| 12:02 | Create | Villager (Male) |
| 12:12 | Create | Villager (Male) |
| 12:15 | Build | House |
| 12:31 | Create | Skirmisher |
| 12:32 | Create | Villager (Male) |
| 12:35 | Build | Farm |
| 12:51 | Create | Villager (Male) |
| 12:52 | Build | Farm |
| 13:16 | Create | Villager (Male) |
| 13:20 | Build | Blacksmith |
| 13:24 | Create | Skirmisher |
| 13:31 | Create | Villager (Male) |
| 13:34 | Build | House |
| 13:35 | Build | Palisade Wall |
| 13:40 | Create | Skirmisher |
| 14:03 | Research | Fletching |
| 14:07 | Build | Farm |
| 14:11 | Build | Farm |
| 14:16 | Build | House |
| 14:30 | Create | Villager (Male) |
| 14:34 | Build | Farm |
| 14:35 | Create | Villager (Male) |
| 14:36 | Build | Farm |
| 14:52 | Create | Villager (Male) |
| 14:53 | Build | Farm |
| 15:04 | Build | House |
| 15:05 | Build | Palisade Wall |
| 15:42 | Create | Skirmisher |
| 15:43 | Create | Villager (Male) |
| 16:13 | Create | Skirmisher |
| 16:13 | Create | Villager (Male) |
| 16:38 | Create | Skirmisher |
| 16:38 | Create | Villager (Male) |
| 16:40 | Build | Farm |
| 16:41 | Create | Villager (Male) |
| 16:44 | Build | Market |
| 16:59 | Build | House |
| 17:00 | Build | House |
| 17:01 | Build | Palisade Wall |
| 17:02 | Build | Palisade Wall |
| 17:11 | Create | Skirmisher |
| 17:35 | Research | Castle Age |
| 17:46 | Create | Skirmisher |
| 18:12 | Create | Militia |
| 18:15 | Build | Stable |
| 18:18 | Research | Horse Collar |
| 18:20 | Build | Farm |
| 18:22 | Build | Farm |
| 18:23 | Create | Skirmisher |
| 18:31 | Research | Padded Archer Armor |
| 18:31 | Research | Padded Archer Armor |
| 19:03 | Research | Scale Mail Armor |
| 19:11 | Create | Skirmisher |
| 20:03 | Create | Villager (Male) |
| 20:15 | Age | Castle Age |
| 20:18 | Research | Bodkin Arrow |
| 20:23 | Research | Elite Skirmisher (upgrade) |
| 20:41 | Create | Skirmisher |
| 20:46 | Create | Villager (Male) |
| 20:47 | Build | Farm |
| 20:47 | Build | Farm |
| 20:48 | Build | Farm |
| 20:49 | Create | Villager (Male) |
| 20:56 | Create | Skirmisher |
| 20:57 | Create | Villager (Male) |
| 21:09 | Create | Villager (Male) |
| 21:12 | Build | Town Center |
| 21:22 | Create | Skirmisher |
| 21:23 | Create | Knight |
| 21:35 | Create | Skirmisher |
| 21:36 | Create | Villager (Male) |
| 21:48 | Create | Knight |
| 22:10 | Research | Scale Barding Armor |
| 22:12 | Build | Farm |
| 22:15 | Build | Farm |
| 22:18 | Create | Villager (Male) |
| 22:33 | Create | Skirmisher |
| 22:42 | Create | Villager (Male) |
| 22:44 | Build | Farm |
| 22:47 | Build | Palisade Wall |
| 22:54 | Create | Villager (Male) |
| 23:04 | Create | Skirmisher |
| 23:05 | Create | Villager (Male) |
| 23:05 | Create | Villager (Male) |
| 23:08 | Build | Farm |
| 23:10 | Build | Farm |
| 23:43 | Create | Villager (Male) |
| 23:44 | Create | Villager (Male) |
| 23:45 | Build | Farm |
| 23:46 | Create | Villager (Male) |
Match timeline
| 4:56 | Black Lotus · first_building Barracks |
| 5:57 | Black Lotus · wall_segment Palisade Wall x1 |
| 5:58 | Black Lotus · wall_segment Palisade Wall x1 |
| 7:35 | musialaseinjamal · first_building Barracks |
| 8:50 | Black Lotus · age_up feudal |
| 9:03 | musialaseinjamal · wall_segment Palisade Wall x1 |
| 9:04 | musialaseinjamal · wall_segment Palisade Wall x1 |
| 9:05 | Black Lotus · first_building Archery Range |
| 9:15 | musialaseinjamal · age_up feudal |
| 9:19 | musialaseinjamal · first_building Archery Range |
| 9:30 | Black Lotus · wall_segment Palisade Wall x5 |
| 9:38 | musialaseinjamal · wall_segment Palisade Wall x1 |
| 9:39 | musialaseinjamal · wall_segment Palisade Wall x1 |
| 9:55 | musialaseinjamal · wall_segment Palisade Wall x1 |
| 10:23 | Black Lotus · wall_segment Palisade Wall x2 |
| 10:51 | musialaseinjamal · wall_segment Palisade Wall x1 |
| 10:54 | musialaseinjamal · wall_segment Palisade Wall x1 |
| 10:55 | musialaseinjamal · wall_segment Palisade Wall x1 |
| 10:59 | musialaseinjamal · wall_segment Palisade Wall x1 |
| 11:17 | musialaseinjamal · wall_segment Palisade Wall x1 |
| 11:45 | musialaseinjamal · wall_segment Palisade Wall x1 |
| 12:17 | musialaseinjamal · wall_segment Palisade Wall x1 |
| 13:35 | Black Lotus · wall_segment Palisade Wall x5 |
| 15:05 | Black Lotus · wall_segment Palisade Wall x8 |
| 17:01 | Black Lotus · wall_segment Palisade Wall x1 |
| 17:02 | Black Lotus · wall_segment Palisade Wall x1 |
| 17:30 | Black Lotus · first_market_sell 100 stone |
| 17:30 | Black Lotus · first_market_buy 100 food |
| 17:41 | musialaseinjamal · wall_segment Palisade Wall x17 |
| 18:15 | Black Lotus · first_building Stable |
| 20:15 | Black Lotus · age_up castle |
| 20:49 | musialaseinjamal · first_market_buy 100 food |
| 20:55 | musialaseinjamal · first_market_sell 100 stone |
| 22:47 | Black Lotus · wall_segment Palisade Wall x1 |
| 23:32 | musialaseinjamal · age_up castle |
| 24:10 | musialaseinjamal · first_building Monastery |
| 25:45 | musialaseinjamal · first_building Siege Workshop |
| 26:20 | musialaseinjamal · wall_segment Palisade Wall x1 |
| 27:44 | Black Lotus · first_building Siege Workshop |
| 30:03 | Black Lotus · first_building Monastery |
| 35:34 | musialaseinjamal · age_up imperial |
| 35:40 | Black Lotus · first_building Castle |
| 37:57 | musialaseinjamal · first_building Castle |
| 39:18 | Black Lotus · age_up imperial |
| 43:53 | Black Lotus · resign |
[ AI ANALYSIS · 1 CREDIT ]
What really happened in this match?
Wolo.gg analyzes every decision: build order, eco, micro, common mistakes by bracket. Personalized analysis on WhatsApp or Discord in 30 seconds.
Civ guide
Italians
Perfil
Jugador #23131361